 Dungeon Crawl Stone Soup version 0.30-a0-596-g0af90f9a20 (webtiles) character file.

Game seed: 15849133217461360486

1628 porpoise the Shield-Bearer (level 8, -1/64 HPs)
             Began as a Gnoll Wanderer on Jan 7, 2023.
             Was an Initiate of Dithmenos.
             Slain by a wraith (4 damage)
             ... on level 6 of the Dungeon.
             The game lasted 00:19:33 (5381 turns).

porpoise the Shield-Bearer (Gnoll Wanderer)         Turns: 5381, Time: 00:19:35

Health: -1/64      AC: 12    Str: 15    XL:     8   Next: 97%
Magic:  15/15      EV: 11    Int: 10    God:    Dithmenos [......]
Gold:   288        SH:  6    Dex: 12    Spells: 15/16 levels left

rFire   . . .      SeeInvis .    a - +4 scimitar
rCold   . . .      Faith    .    c - +1 buckler {AC+3}
rNeg    . . .      Spirit   .    l - +0 ring mail
rPois   .          Reflect  .    w - +1 helmet
rElec   .          Harm     .    z - +0 cloak
rCorr   .          Rampage  .    (no gloves)
Will    .....                    (no boots)
Stlth   +                        (no amulet)
HPRegen 0.30/turn                (no ring)
MPRegen 0.14/turn                (no ring)

@: silenced, slowed, very slow
A: fangs 1, strong nose, distributed training
a: Renounce Religion


You were on level 6 of the Dungeon.
You worshipped Dithmenos.
Dithmenos was noncommittal.
You visited 2 branches of the dungeon, and saw 7 of its levels.

You collected 288 gold pieces.

Inventory:

Hand Weapons
 a - a +4 scimitar (weapon)
 b - a +0 heavy sling
 n - a +0 short sword of speed
 p - a +0 dagger of venom
 y - a +1 mace of protection
 E - a +2 hand axe of venom
Missiles
 f - 36 poisoned darts (quivered)
 g - 2 throwing nets
Armour
 c - a +1 buckler of protection (worn)
 l - a +0 ring mail (worn)
 r - a +2 hat
 t - the +1 robe of Creativity {rC+ Int+4}
   (You found it on level 3 of the Dungeon)

   Int:       It affects your intelligence (+4).
   rC:        It protects you from cold.
 w - a +1 helmet (worn)
 z - a +0 cloak (worn)
Wands
 B - a wand of paralysis (17)
Scrolls
 h - 2 scrolls of identify
 i - 2 scrolls of teleportation
 s - a scroll of vulnerability
 x - a scroll of brand weapon {unknown}
 A - a scroll of immolation
 F - a scroll of poison {unknown}
Potions
 d - 3 potions of attraction
 e - 3 potions of lignification
 j - 2 potions of cancellation
 k - 3 potions of curing
 C - a potion of resistance
 D - a potion of might


   Skills:
 + Level 6.1 Fighting
 + Level 3.9 Short Blades
 + Level 3.9 Long Blades
 + Level 3.9 Axes
 + Level 3.9 Maces & Flails
 + Level 3.9 Polearms
 + Level 3.9 Staves
 + Level 3.9 Ranged Weapons
 + Level 6.1 Throwing
 + Level 3.9 Armour
 + Level 3.9 Dodging
 + Level 4.6 Stealth
 + Level 6.1 Shields
 + Level 3.9 Unarmed Combat
 + Level 4.8 Spellcasting
 + Level 3.2 Conjurations
 + Level 3.2 Hexes
 + Level 3.2 Summonings
 + Level 3.2 Necromancy
 + Level 3.2 Translocations
 + Level 5.0 Transmutations
 + Level 3.2 Fire Magic
 + Level 3.2 Ice Magic
 + Level 3.2 Air Magic
 + Level 3.2 Earth Magic
 + Level 3.2 Poison Magic
 + Level 4.2 Invocations
 + Level 3.9 Evocations


You had 15 spell levels left.
You knew the following spells:

 Your Spells              Type           Power      Damage    Failure   Level
a - Beastly Appendage     Tmut           24%        N/A       7%          1

Your spell library contained the following spells:

 Spells                   Type           Power      Damage    Failure   Level
 Spider Form              Tmut/Pois      10%        N/A       30%         3


Dungeon Overview and Level Annotations

Branches:
Dungeon (6/15)             Temple (1/1) D:4

Altars:
Cheibriados
Dithmenos
Fedhas
Gozag
Kikubaaqudgha
Makhleb
Nemelex Xobeh
Qazlal
Ru
Trog
Wu Jian
Yredelemnul
The Shining One

Annotations:
D:6 1 runed translucent door, DeadOnArrival's ghost, novice DECj


Innate Abilities, Weirdness & Mutations

You have very sharp teeth.
Your uncanny sense of smell can sniff out nearby items.
Your experience applies equally to all skills.


Message History

Aim: a wraith (heavily damaged, chance to affect: 25%)
The wraith resists with almost no effort.
The wraith hits you!
* * * LOW HITPOINT WARNING * * *
Okay, then.
Casting: Beastly Appendage (safe; 7% risk of failure)
Confirm with . or Enter, or press ? or * to list all spells.
Okay, then.
The wraith hits you.
* * * LOW HITPOINT WARNING * * *
The wraith drains your vigour!
You feel as though you will be slow longer.
The wraith attacks as you move away! The wraith hits you!
* * * LOW HITPOINT WARNING * * *
The wraith drains your vigour!
You feel as though you will be slow longer.
This is a scroll of acquirement!
Something appears at your feet! You block the wraith's attack.
The wraith barely misses you.
As you read the scroll labelled ETREPA GIMUDI, it crumbles to dust.
You assume a fearsome visage.
The wraith is unaffected.
It was a scroll of fear.
You block the wraith's attack.
As you read the scroll labelled VYLOMONOPT, it crumbles to dust.
It is a scroll of enchant armour.
Your +0 buckler of protection glows green for a moment.
The wraith hits you.
* * * LOW HITPOINT WARNING * * *
The wraith drains your vigour!
You feel as though you will be slow longer.
You block the wraith's attack.
As you read the scroll labelled SEHAPRARIGH, it crumbles to dust.
It is a scroll of enchant weapon.
Your +3 scimitar glows red for a moment.
The wraith hits you but does no damage.
As you read the scroll labelled TUROEM NAEGE, it crumbles to dust.
A profound silence engulfs you.
It was a scroll of silence.
The wraith misses you. The wraith hits you but does no damage.
The wraith attacks as you move away! The wraith closely misses you.
The wraith hits you.
You die...

..#.###....#~# #...# #.......#
.#.## ##...# ###...### ##......#
.##.###.#..# #.......# ###...##
..)..#..#.<# #.#...#.# ####.##
##.........####.#...#.#####......
##..###.#.###.............(......
..........###.#.##)##.####.......
##.#######.##.#.##.##.###........
...# #.#.....@................
#### ##.##.#W##...............
#.##.#=##.#...#.........
###.##.........##...#.##.#
#.......###.#####........#
#.#.###.# #.# #.#.##.#.#
#.#..##.# #.. ...#.##.#.#
#.##.##.# ....#####...>..#
#.##.##.# ...# ####.###


You could see a wraith.

Vanquished Creatures
  Pikel (D:6)
  Menkaure (D:5)
  A black bear (D:5)
  A sky beast (D:6)
  2 phantoms
  A kobold brigand (D:6)
  Blork the orc (D:4)
  A bullfrog (D:6)
  3 scorpions
  4 hounds
  Crazy Yiuf (D:4)
  An iguana (D:5)
  A mummy (D:6)
  Robin (D:2)
  5 adders
  2 worms
  2 dart slugs
  6 orcs
  6 ball pythons
  6 endoplasms
  A giant cockroach (D:2)
  19 goblins
  7 hobgoblins
  14 kobolds
  5 quokkas
  3 bats
  2 frilled lizards
  2 hobgoblin zombies (D:6)
  A kobold zombie (D:6)
  An orc zombie (D:6)
  10 rats
112 creatures vanquished.

Notes
Turn   | Place    | Note
-------+----------+-------------------------------------------
     0 | D:1      | porpoise the Gnoll Wanderer began the quest for the Orb.
     0 | D:1      | porpoise set off with the following items: a +0 dagger, 11
                  | poisoned darts, a +0 buckler of protection, a potion of
                  | attraction, a +0 leather armour; and the following spell
                  | memorised: Beastly Appendage; and the following spells
                  | available to memorise: Spider Form.
     0 | D:1      | Reached XP level 1. HP: 20/20 MP: 4/4
   214 | D:1      | Found a faded altar of an unknown god.
   236 | D:1      | Reached XP level 2. HP: 24/26 MP: 5/5
   611 | D:2      | Reached XP level 3. HP: 31/31 MP: 7/7
   698 | D:2      | Reached skill level 1 in Invocations
   783 | D:2      | You fall into a shaft and drop 2 floors!
   785 | D:4      | Noticed a scorpion
   794 | D:4      | Killed a scorpion
   795 | D:4      | Reached skill level 1 in Short Blades
   795 | D:4      | Reached skill level 1 in Long Blades
   795 | D:4      | Reached skill level 1 in Axes
   795 | D:4      | Reached skill level 1 in Maces & Flails
   795 | D:4      | Reached skill level 1 in Polearms
   795 | D:4      | Reached skill level 1 in Staves
   795 | D:4      | Reached skill level 1 in Ranged Weapons
   795 | D:4      | Reached skill level 1 in Armour
   795 | D:4      | Reached skill level 1 in Dodging
   795 | D:4      | Reached skill level 1 in Unarmed Combat
   795 | D:4      | Reached skill level 1 in Conjurations
   795 | D:4      | Reached skill level 1 in Hexes
   795 | D:4      | Reached skill level 1 in Summonings
   795 | D:4      | Reached skill level 1 in Necromancy
   795 | D:4      | Reached skill level 1 in Translocations
   795 | D:4      | Reached skill level 1 in Fire Magic
   795 | D:4      | Reached skill level 1 in Ice Magic
   795 | D:4      | Reached skill level 1 in Air Magic
   795 | D:4      | Reached skill level 1 in Earth Magic
   795 | D:4      | Reached skill level 1 in Poison Magic
   795 | D:4      | Reached skill level 1 in Evocations
   795 | D:4      | Reached XP level 4. HP: 38/38 MP: 8/8
  1047 | D:3      | Reached XP level 5. HP: 43/43 MP: 9/9
  1381 | D:2      | Noticed Robin
  1401 | D:2      | Killed Robin
  1742 | D:3      | Identified the +1 robe of Creativity {rC+ Int+4}
  2259 | D:3      | Found a sparkling altar of Nemelex Xobeh.
  2553 | D:4      | Reached XP level 6. HP: 50/50 MP: 9/11
  2778 | D:4      | Noticed Blork the orc
  2784 | D:4      | Killed Blork the orc
  2785 | D:4      | Reached skill level 5 in Fighting
  2785 | D:4      | Reached skill level 5 in Throwing
  2785 | D:4      | Reached skill level 5 in Shields
  2980 | D:4      | Found a runed translucent door.
  2981 | D:4      | Noticed Crazy Yiuf
  2988 | D:4      | Killed Crazy Yiuf
  3333 | D:4      | Found a staircase to the Ecumenical Temple.
  3341 | Temple   | Entered the Ecumenical Temple
  3440 | Temple   | Became a worshipper of Dithmenos the Shadowed
  3650 | D:5      | Entered Level 5 of the Dungeon
  3651 | D:5      | Noticed Menkaure
  3659 | D:5      | Killed Menkaure
  3660 | D:5      | Reached XP level 7. HP: 30/56 MP: 12/12
  4382 | D:5      | Found a glowing golden altar of the Shining One.
  4826 | D:6      | Reached XP level 8. HP: 63/63 MP: 14/14
  4902 | D:6      | Noticed Pikel
  4919 | D:6      | Killed Pikel
  5002 | D:6      | Found a runed translucent door.
  5018 | D:6      | Noticed DeadOnArrival's ghost (novice DECj)
  5088 | D:6      | Reached skill level 5 in Transmutations
  5357 | D:6      | Noticed a wraith
  5374 | D:6      | HP: 2/64 [wraith (9)]
  5375 | D:6      | Identified a scroll of acquirement
  5375 | D:6      | Acquired the ring of Xovvu {rF+ Str+3 Dex+3}
  5381 | D:6      | Slain by a wraith

Illustrated notes

Levels and vault maps discovered:
D:1:      dpeg_arrival_central, layout_rooms, chequers_ecumenical_altar_twisty
D:2:      layout_basic, uniq_robin
D:3:      layout_basic, nemelex_dance_club_becter
D:4:      layout_cave_pods, minmay_temple_entry_junction,
          uniq_crazy_yiuf_cottage, uniq_blork_the_orc
D:5:      layout_basic, lemuel_round_altar, uniq_menkaure
D:6:      layout_loops_cross, nicolae_uskayaw_dance_studio,
          ebering_ghost_sewer_d, minmay_mini_ossuary, uniq_pikel
Temple:   jpeg_temple_clearing

Skill      XL: |  1  2  3  4  5  6  7  8 |
---------------+-------------------------+-----
Invocations    | 1 2 3 4 |  4.2
Short Blades   | 1 2 3 |  3.9
Long Blades    | 1 2 3 |  3.9
Axes           | 1 2 3 |  3.9
Maces & Flails | 1 2 3 |  3.9
Polearms       | 1 2 3 |  3.9
Staves         | 1 2 3 |  3.9
Ranged Weapons | 1 2 3 |  3.9
Armour         | 1 2 3 |  3.9
Dodging        | 1 2 3 |  3.9
Unarmed Combat | 1 2 3 |  3.9
Spellcasting   | 3 4 |  4.8
Conjurations   | 1 2 3 |  3.2
Hexes          | 1 2 3 |  3.2
Summonings     | 1 2 3 |  3.2
Necromancy     | 1 2 3 |  3.2
Translocations | 1 2 3 |  3.2
Fire Magic     | 1 2 3 |  3.2
Ice Magic      | 1 2 3 |  3.2
Air Magic      | 1 2 3 |  3.2
Earth Magic    | 1 2 3 |  3.2
Poison Magic   | 1 2 3 |  3.2
Evocations     | 1 2 3 |  3.9
Transmutations | 4 5 |  5.0
Stealth        | 3 4 |  4.6
Fighting       | 5 6 |  6.1
Throwing       | 5 6 |  6.1
Shields        | 5 6 |  6.1

Action                   |  1- 3 |  4- 6 |  7- 9 || total
-------------------------+-------+-------+-------++-------
Melee: Mace              |    70 |   135 |       ||   205
       Dagger            |     2 |       |       ||     2
       Bite              |       |    22 |    15 ||    37
       Scimitar          |       |     6 |    63 ||    69
       Hand axe          |       |       |    54 ||    54
 Fire: Sling             |    11 |    74 |    13 ||    98
Throw: Dart              |     9 |       |       ||     9
Evoke: Wand              |       |       |     1 ||     1
  Use: Scroll            |       |     4 |     9 ||    13
       Potion            |       |       |     1 ||     1
 Stab: Sleeping          |     2 |       |     3 ||     5
Armor: Leather armour    |    20 |       |       ||    20
       Ring mail         |       |   102 |    61 ||   163
Dodge: Dodged            |    27 |    91 |    56 ||   174
Block: Buckler           |    20 |    61 |    35 ||   116

Table legend: (Time is in decaauts)
 A = Elapsed time spent in this place.
 B = Non-inter-level travel time spent in this place.
 C = Inter-level travel time spent in this place.
 D = Time resting spent in this place.
 E = Time spent auto-exploring this place.
 F = Levels seen in this place.
 G = Mean time per level.
                   A        B        C        D        E       F      G
               +--------+--------+--------+--------+--------+-----+--------+
         Total |   5570 |   5381 |    189 |    644 |   3420 |   7 |  795.7 |
       Dungeon |   5455 |   5307 |    148 |    644 |   3359 |   6 |  909.2 |
        Temple |    114 |     73 |     41 |      0 |     61 |   1 |  114.0 |
               +--------+--------+--------+--------+--------+-----+--------+

Top non-repeatable levels by time:
     D:4: 1217 daAuts
     D:3: 1122 daAuts
     D:5: 1089 daAuts
     D:2: 710 daAuts
     D:6: 689 daAuts
     D:1: 626 daAuts
  Temple: 114 daAuts
